 Dungeon Crawl Stone Soup version 0.27.1-3-gb3d3a73c9e (webtiles) character file.

Game seed: 8136905834065034758

2 Descartes the Sneak (level 1, -2/11 HPs)
             Began as a Spriggan Delver on Oct 18, 2021.
             Slain by an adder (5 damage)
             ... on level 2 of the Dungeon.
             The game lasted 00:01:20 (357 turns).

Descartes the Sneak (Spriggan Delver)                Turns: 357, Time: 00:01:21

Health: -2/11      AC:  2    Str:  8    XL:     1   Next: 33%
Magic:  2/2        EV: 17    Int: 11    God:
Gold:   5          SH:  0    Dex: 16    Spells: 0/0 levels left

rFire    . . .     SeeInvis +   a - +0 short sword
rCold    . . .     Faith    .   (shield restricted)
rNeg     . . .     Spirit   .   b - +0 robe
rPois    .         Reflect  .   (helmet restricted)
rElec    .         Harm     .   (no cloak)
rCorr    .         Rampage  .   (gloves unavailable)
Will     .....                  (boots unavailable)
Stlth    ++++......             (no amulet)
HPRegen  0.03/turn              (no ring)
MPRegen  0.08/turn              (no ring)

@: very quick
A: very small, no large weapons, unfitting armour, see invisible, speed 3
a: no special abilities


You were on level 2 of the Dungeon.
You visited 1 branch of the dungeon, and saw 4 of its levels.

You collected 5 gold pieces.

Inventory:

Hand Weapons
 a - a +0 short sword (weapon)
Armour
 b - a +0 robe (worn)
Wands
 g - a wand of digging (3)
Scrolls
 c - a scroll of fog
 d - a scroll of magic mapping
 e - a scroll of fear
 h - a scroll of noise {unknown}
Potions
 f - a potion of haste
 i - a potion of mutation {unknown}
 j - a potion of might {unknown}


   Skills:
 + Level 2.4 Fighting
 + Level 2.2 Short Blades
 + Level 2.7 Dodging
 + Level 7.4 Stealth


You couldn't memorise any spells.
You didn't know any spells.
Your spell library contained the following spells:

 Spells                   Type           Power      Damage    Failure   Level
 Shock                    Conj/Air       0%         1d3       34%         1
 Swiftness                Air            0%         N/A       71%         3
 Airstrike                Air            0%         N/A       98%         4


Dungeon Overview and Level Annotations

Branches:
Dungeon (5/15)
 Temple: D:4-7

Altars:


Innate Abilities, Weirdness & Mutations

You are very small and have problems with some larger weapons.
You are too small for most types of armour.
You have supernaturally acute eyesight. (SInv)
You cover ground extremely quickly. (Speed+++)


Message History

A scorpion comes into view.
You see here a book of Air.
You pick up a book of Air and begin reading...
You add the spells Shock, Swiftness and Airstrike to your library.
A dart slug comes into view.
The hound bites you but does no damage.
A hound skeleton comes into view.
There is an escape hatch in the ceiling here.
The hound misses you. A mysterious force pulls you upwards.
The hatch slams shut behind you.
HP restored.
Found a metallic dark potion.
An adder comes into view.
Found a ring mail.
Found a stone staircase leading up.
The adder hisses angrily.
The adder closely misses you.
You miss the adder. The adder misses you.
You closely miss the adder. The adder completely misses you.
The adder bites you.
You are poisoned.
The adder poisons you!
You miss the adder.
You feel sick. The adder bites you.
You feel sick.
You feel sick.
You feel sick.
You feel sick.
You feel sick.
You are no longer poisoned.
There is a stone staircase leading up here.
j - a metallic dark potion
There is a stone staircase leading up here.
You climb upwards.
Found 5 gold pieces.
There is a stone staircase leading down here.
The helpless hobgoblin fails to defend itself.
You impale the hobgoblin!!
You kill the hobgoblin!
The adder hisses angrily.
The adder bites you.
You die...

####### . #.....#
... #.....#
.....#.....#####..
......S@..>.......
####......†......#
#.......#..#..#
#...$.....## #
##......###
#.......
........#.
#.....###.#


You could see an adder.

Vanquished Creatures
  An endoplasm (D:4)
  A hobgoblin (D:2)
2 creatures vanquished.

Notes
Turn   | Place    | Note
-------+----------+-------------------------------------------
     0 | D:5      | Descartes the Spriggan Delver began the quest for the Orb.
     0 | D:5      | Reached XP level 1. HP: 11/11 MP: 2/2
    30 | D:5      | Noticed an iguana
    64 | D:4      | Noticed a hound
    72 | D:4      | Noticed a scorpion
   357 | D:2      | Slain by an adder

Illustrated notes

Levels and vault maps discovered:
D:2:      layout_rooms, hex_intersection
D:3:      layout_loops_ring, mainiacjoe_overflow_catch_the_wave,
          minmay_misc_feat_chi, uniq_ijyb
D:4:      layout_cave_pools, bh_walls_and_bars
D:5:      layout_loops_cross, pdpol_wu_jian_five_deadly_venoms,
          overflow_temple_1_default

Action                   || total
-------------------------++-------
Melee: Short sword       ||     9
 Stab: Sleeping          ||     2
Armor: Robe              ||     1
Dodge: Dodged            ||     8
